 Dungeon Crawl Stone Soup version 0.28.0-53-g5a82cb258f (webtiles) character file.

Game seed: 17249228863326499236

0 GreyArmor the Sneak (level 1, -1/10 HPs)
             Began as a Felid Delver on May 22, 2022.
             Succumbed to a scorpion's poison
             ... on level 6 of the Dungeon.
             The game lasted 00:02:05 (268 turns).

GreyArmor the Sneak (Felid Delver)                   Turns: 268, Time: 00:02:06

Health: -1/10      AC:  1    Str:  8    XL:     1   Next: 0%
Magic:  2/2        EV: 17    Int: 11    God:
Gold:   16         SH:  0    Dex: 17    Spells: 0/0 levels left
                                        Lives:  0   Deaths: 0

rFire   . . .      SeeInvis +     - Unarmed
rCold   . . .      Faith    .   (shield unavailable)
rNeg    . . .      Spirit   .   (armour unavailable)
rPois   .          Reflect  .   (helmet unavailable)
rElec   .          Harm     .   (cloak unavailable)
rCorr   .          Rampage  .   (gloves unavailable)
Will    .....                   (boots unavailable)
Stlth   +++.......              (no amulet)
HPRegen 0.03/turn               (no ring)
MPRegen 0.08/turn               (no ring)

@: lethally poisoned (-1 -> -11), quick
A: very small, claws 1, fangs 3, see invisible, speed 1, shaggy fur 1, stealthy
paws, no weapons or thrown items, no armour, multi-lived
a: no special abilities


You were on level 6 of the Dungeon.
You visited 1 branch of the dungeon, and saw 2 of its levels.

You collected 16 gold pieces.

Inventory:

Wands
 e - a wand of digging (3)
Scrolls
 a - a scroll of fog
 b - a scroll of magic mapping
Potions
 d - a potion of haste


   Skills:
 + Level 3.0 Fighting
 + Level 2.6 Dodging
 + Level 6.6 Stealth
 + Level 2.0 Unarmed Combat


You couldn't memorise any spells.
You didn't know any spells.
Your spell library was empty.

Dungeon Overview and Level Annotations

Branches:
Dungeon (6/15)
 Temple: D:4-7

Altars:


Innate Abilities, Weirdness & Mutations

You have sharp claws.
You have razor-sharp teeth.
You have supernaturally acute eyesight. (SInv)
You cover ground quickly. (Speed+)
You are covered in fur. (AC +1)
Your paws help you pounce on unaware monsters.
You are incapable of wielding weapons or throwing items.
You cannot wear armour.
You gain extra lives every three experience levels.


Message History

A scorpion comes into view.
A water moccasin skeleton comes into view.
An ice beast comes into view.
Found a long sword.
A bullfrog skeleton, a kobold brigand and 2 kobolds come into view.
The kobold brigand is wielding a +0 dagger and quivering poisoned darts.
Found a dagger.
Found 22 gold pieces.
Found 11 gold pieces.
Found a stone staircase leading down.
Found 13 gold pieces.
You see here 16 gold pieces.
Found a scroll labelled DADAHER ICUD.
A scorpion and a jelly come into view.
Found 24 stones.
Found a scroll of magic mapping.
A sky beast comes into view.
A water moccasin comes into view.
An orc comes into view. It is wielding a +0 short sword.
You see here a scroll of magic mapping.
b - 2 scrolls of magic mapping (gained 1)
As you read the scroll of magic mapping, it crumbles to dust.
You feel aware of your surroundings.
Found a scroll labelled QADUFITOENO.
Found a stone staircase leading down.
A scorpion and a sky beast come into view.
Found 17 stones.
The sky beast flickers out of sight for a moment.
Found a falchion.
Found 14 gold pieces.
You see here 14 gold pieces.
The scorpion stings you.
You are lethally poisoned!
The scorpion poisons you!
You feel very sick.
* * * LOW HITPOINT WARNING * * *
You feel sick.
As you read the scroll of fear, it crumbles to dust.
You assume a fearsome visage.
The scorpion looks frightened! x2
You die...

*,,,,,.......#...#.##...# #.....
**,,,.##......#.###.....## #.....
*,,,*....##......#......# *#.....
,,,,*.##.........#.....##*#......
,,,**..........s.....### #.......
,,,***..)##..######### ####....
**** *****#.## #.... #.######*#
#.... #.#s..@#.#******* **,,*
#$..s...#,,**,,,* *,,,*
#......##**,+,,,* *,,** ##....##
***,,,* **** ###### *****


You could see 2 scorpions.

Vanquished Creatures (others)
  A plant (D:5)
1 creature vanquished.

Notes
Turn   | Place    | Note
-------+----------+-------------------------------------------
     0 | D:5      | GreyArmor the Felid Delver began the quest for the Orb.
     0 | D:5      | Reached XP level 1. HP: 10/10 MP: 2/2
   174 | D:6      | Noticed a scorpion
   181 | D:6      | Noticed an ice beast
   183 | D:6      | Noticed a kobold brigand
   207 | D:6      | Noticed a scorpion
   207 | D:6      | Noticed a jelly
   211 | D:6      | Noticed a sky beast
   212 | D:6      | Noticed a water moccasin
   247 | D:6      | Noticed a scorpion
   247 | D:6      | Noticed a sky beast
   268 | D:6      | Succumbed to a scorpion's poison

Illustrated notes

Levels and vault maps discovered:
D:5:      wander_river, layout_loops_ring, serial_shops, nicolae_lakefront_shop,
          nicolae_shop_statue_plus, nicolae_shop_overgrown_old_shop,
          nicolae_shop_temple_entry_statues_fountains, uniq_prince_ribbit1
D:6:      layout_cave_pools, hangedman_decor_growths,
          hangedman_decor_diamond_cutter, uniq_crazy_yiuf_cottage

Action                   || total
-------------------------++-------
  Use: Scroll            ||     2
